 Dungeon Crawl Stone Soup version 0.24.0-13-gcf9b319 (webtiles) character file.

Game seed: 9598096341749362930, levelgen mode: deterministic

141 Reyz the Sneak (level 5, -9/26 HPs)
             Began as a Vine Stalker Assassin on Mar 1, 2020.
             Was an Initiate of Ru.
             Mangled by a mummy (11 damage)
             ... on level 4 of the Dungeon.
             The game lasted 00:05:12 (2423 turns).

Reyz the Sneak (Vine Stalker Assassin)              Turns: 2423, Time: 00:05:13

Health: -9/26      AC:  8    Str: 14    XL:     5   Next: 24%
Magic:  0/6        EV: 11    Int: 11    God:    Ru [......]
Gold:   229        SH:  0    Dex: 16    Spells: 4/4 levels left

rFire    . . .     SeeInvis .   a - +3 dagger
rCold    . . .     Gourm    .   (no shield)
rNeg     . . .     Faith    .   b - +0 robe
rPois    .         Spirit   +   k - +2 hat
rElec    .         Reflect  .   c - +0 cloak
rCorr    .         Harm     .   u - +2 pair of gloves
MR       .....                  (no boots)
Stlth    ++++......             (no amulet)
HPRegen  0.48/turn              (no ring)
MPRegen  0.10/turn              (no ring)

@: no status effects
A: fangs 2, regeneration 1, magic shield, antimagic bite, no potion heal 3, rot
immunity
a: Renounce Religion


You were on level 4 of the Dungeon.
You worshipped Ru.
Ru was noncommittal.
You were hungry.

You visited 1 branch of the dungeon, and saw 4 of its levels.
You also visited: Ossuary.

You collected 229 gold pieces.

Inventory:

Hand Weapons
 a - a +3 dagger (weapon)
 r - a +0 hunting sling
Missiles
 d - 8 poisoned darts (quivered)
 e - 2 curare-tipped darts
 o - a throwing net
Armour
 b - a +0 robe (worn)
 c - a +0 cloak (worn)
 k - a +2 hat (worn)
 p - a +0 shield
 u - a +2 pair of gloves (worn)
Jewellery
 s - an uncursed ring of resist corrosion {unknown}
Wands
 v - a wand of random effects (16)
Scrolls
 g - a scroll of fog
 l - a scroll of fear {unknown}
 m - a scroll of identify
 n - a scroll of remove curse {unknown}
Potions
 h - 2 potions of heal wounds {unknown}
 i - 3 potions of flight {unknown}
 q - a potion of resistance {unknown}
 t - 3 potions of ambrosia {unknown}
Comestibles
 f - 12 rations


   Skills:
 - Level 2.0 Fighting
 * Level 3.1 Short Blades
 - Level 1.7 Throwing
 - Level 0.7 Dodging
 - Level 7.0 Stealth


You had 4 spell levels left.
You didn't know any spells.
Your spell library was empty.

Dungeon Overview and Level Annotations

Branches:
Dungeon (4/15)            Ossuary (visited)
 Temple: D:4-7

Altars:
Ru


Innate Abilities, Weirdness & Mutations

You have extremely sharp teeth.
Your natural rate of healing is unusually fast.
When hurt, damage is shared between your health and your magic reserves.
Your bite disrupts and absorbs the magic of your enemies.
Potions cannot restore your health.
You are immune to rotting.


Message History

The bolt of poison hits the mummy.
The mummy completely resists.
The mummy hits you!
There is a gate leading back out of this place here.
The mummy hits you!
* * * LOW HITPOINT WARNING * * *
Welcome back to the Dungeon!
There is a collapsed entrance here.
Okay, then.
As you read the scroll labeled FIKEXT VEYP, it crumbles to dust.
It is a scroll of identify.
g - a scroll of fog The mummy hits you.
* * * LOW HITPOINT WARNING * * *
The mummy hits you.
* * * LOW HITPOINT WARNING * * *
Unknown command.
As you read the scroll labeled USITSANUOL, it crumbles to dust.
It is a scroll of enchant weapon.
Your +2 dagger glows red for a moment.
The mummy hits you!
You die...

#...#...#..
#.#...#.#.#
#.#...#.#.#
#...#...#..
##########.#.#.#...#
#..........#########
#..$....####
#.M.M...# #..@....#
#...........
#...........
#............
####.........
#......... #........
.......


You could see 2 mummies.

Vanquished Creatures
  Terence (D:2)
  A mummy (Ossuary)
  3 adders
  An ooze (D:2)
  2 dart slugs (D:1)
  A leopard gecko (D:3)
  2 giant cockroaches
  13 hobgoblins
  4 jackals (D:3)
  A quokka (D:3)
  9 bats
  6 frilled lizards
  4 goblins (D:1)
  10 kobolds
  11 rats
69 creatures vanquished.

Vanquished Creatures (others)
  A withered plant (Ossuary)
1 creature vanquished.

Grand Total: 70 creatures vanquished

Notes
Turn   | Place    | Note
-------+----------+-------------------------------------------
     0 | D:1      | Reyz the Vine Stalker Assassin began the quest for the Orb.
     0 | D:1      | Reached XP level 1. HP: 11/11 MP: 2/2
    26 | D:1      | Reached skill level 5 in Stealth
   378 | D:1      | Reached XP level 2. HP: 8/15 MP: 1/3
   670 | D:1      | Reached XP level 3. HP: 18/18 MP: 4/4
   693 | D:1      | Reached skill level 6 in Stealth
  1254 | D:2      | Noticed Terence
  1275 | D:2      | Killed Terence
  1275 | D:2      | Gained mutation: Your natural rate of healing is unusually
                  | fast. [Vine Stalker growth]
  1275 | D:2      | Reached XP level 4. HP: 10/23 MP: 3/5
  1615 | D:3      | Reached skill level 7 in Stealth
  1933 | D:3      | Reached XP level 5. HP: 24/26 MP: 4/6
  1972 | D:3      | Found a sacrificial altar of Ru.
  2020 | D:3      | Became a worshipper of Ru the Awakened
  2386 | D:4      | Found a sand-covered staircase.
  2395 | Ossuary  | Entered an ossuary
  2422 | D:4      | HP: 1/26 [mummy (1)]
  2423 | D:4      | Mangled by a mummy

Levels and vault maps discovered:
D:1:      tarquinn_simple_flora_water_c, layout_basic, minmay_octomino_e4
D:2:      layout_loops_ring, hangedman_abyss_or_decor_stabs, uniq_terence
D:3:      layout_basic, nicolae_ru_the_path_less_chosen
D:4:      layout_gridville, minitemple, enter_ossuary_1, first_ration,
          minmay_misc_feat_alley

Skill      XL: |  1  2  3  4  5 |
---------------+----------------+-----
Stealth        | 5 6 7 |  7.0
Short Blades   | 2 3 |  3.1
Fighting       | 2 |  2.0
Throwing       | |  1.7
Dodging        | |  0.7

Action                   |  1- 3 |  4- 6 || total
-------------------------+-------+-------++-------
Melee: Dagger            |    89 |    71 ||   160
       Bite              |    26 |    19 ||    45
Throw: Dart              |     4 |       ||     4
Evoke: Wand              |       |     3 ||     3
  Use: Scroll            |       |     2 ||     2
 Stab: Sleeping          |    11 |    13 ||    24
  Eat: Chunk             |       |     4 ||     4
Armor: Robe              |    24 |    16 ||    40
Dodge: Dodged            |    53 |    30 ||    83
